 Dungeon Crawl Stone Soup version 0.27.1-35-g4d5d836560 (webtiles) character file.

Game seed: 2559847108317876387

2422 Froggeryz the Slicer (level 9, 0/56 HPs)
             Began as an Octopode Berserker on Apr 20, 2022.
             Was an Elder of Trog.
             Slain by a kobold brigand (7 damage)
             ... on level 7 of the Dungeon.
             The game lasted 00:06:06 (6507 turns).

Froggeryz the Slicer (Octopode Berserker)           Turns: 6507, Time: 00:06:06

Health: 0/56       AC:  1    Str: 16    XL:     9   Next: 48%
Magic:  18/18      EV: 14    Int:  9    God:    Trog [****..]
Gold:   299        SH:  5    Dex: 15    Spells: 8/8 levels left

rFire    . . .     SeeInvis +   h - +1 dagger (venom)
rCold    . . .     Faith    .   k - +0 buckler
rNeg     . . .     Spirit   .   z - +0 hat
rPois    .         Reflect  .   j - amulet of the acrobat
rElec    .         Harm     .   c - ring of magical power
rCorr    .         Rampage  .   l - ring of see invisible
Will     .....                  (no ring)
Stlth    ++++......             (no ring)
HPRegen  0.18/turn              (no ring)
MPRegen  0.16/turn              (no ring)
                                (no ring)
                                (no ring)

@: no status effects
A: almost no armour, amphibious, 8 rings, camouflage 1, gelatinous body 1,
(nimble swimmer 1), tentacles
a: Renounce Religion, Berserk, Trog's Hand, Brothers in Arms


You were on level 7 of the Dungeon.
You worshipped Trog.
Trog was greatly pleased with you.
You visited 1 branch of the dungeon, and saw 7 of its levels.

You collected 299 gold pieces.

Inventory:

Hand Weapons
 h - a +1 dagger of venom (weapon)
Missiles
 e - 3 throwing nets (quivered)
 n - 23 boomerangs
 s - 6 curare-tipped darts
Armour
 k - a +0 buckler (worn)
 z - a +0 hat (worn)
Jewellery
 b - a ring of ice
 c - a ring of magical power (left tentacle)
 j - an amulet of the acrobat (around mantle)
 l - a ring of see invisible (right tentacle)
Wands
 i - a wand of mindburst (9)
 x - a wand of flame (22)
 y - a wand of paralysis (7)
Scrolls
 a - 2 scrolls of enchant weapon
 d - 3 scrolls of teleportation {unknown}
 g - 2 scrolls of magic mapping
 m - a scroll of enchant armour
 p - a scroll of immolation
 q - a scroll of blinking
 A - a scroll of summoning {unknown}
Potions
 o - 3 potions of curing
 r - a potion of berserk rage {unknown}
 t - a potion of mutation {unknown}
 u - 2 potions of attraction {unknown}
 v - a potion of might
 w - a potion of resistance {unknown}


   Skills:
 - Level 3.0 Fighting
 * Level 11.0 Short Blades
 - Level 3.0 Dodging
 + Level 6.4 Stealth
 - Level 4.2 Shields


You had 8 spell levels left.
You didn't know any spells.
Your spell library was empty.

Dungeon Overview and Level Annotations

Branches:
Dungeon (7/15)             Temple (0/1) D:5

Altars:
Hepliaklqana
Okawaru
Qazlal
Wu Jian

Shops:
D:5 :


Innate Abilities, Weirdness & Mutations

You cannot wear most types of armour.
You are amphibious.
You can wear up to eight rings at the same time.
Your skin changes colour to match your surroundings (Stealth+).
Your rubbery body absorbs attacks. (AC +1, EV +1)
((You are camouflaged near water. (Stealth+)))
You have tentacles for arms and can constrict up to eight enemies at once.


Message History

You see here a +0 short sword.
You hit the kobold brigand but do no damage.
The kobold brigand is poisoned.
You grab the kobold brigand. You squeeze the kobold brigand.
The kobold brigand is lightly wounded.
You constrict the kobold brigand.
The centaur shoots an arrow.
The arrow hits you! The kobold brigand closely misses you.
You hit the kobold brigand but do no damage.
The kobold brigand looks as sick as possible!
The kobold brigand is moderately wounded.
You constrict the kobold brigand.
The centaur shoots an arrow.
The arrow closely misses you.
You completely miss the kobold brigand.
The kobold brigand is moderately wounded.
You constrict the kobold brigand. You block the kobold brigand's attack.
The centaur shoots an arrow.
The arrow hits you!
You are too injured to fight recklessly!
You are too injured to fight recklessly!
You are too injured to fight recklessly!
You are too injured to fight recklessly!
You are too injured to fight recklessly!
You are too injured to fight recklessly!
You are too injured to fight recklessly!
You are too injured to fight recklessly!
You are too injured to fight recklessly!
You are too injured to fight recklessly!
You are too injured to fight recklessly!
You are too injured to fight recklessly!
You are too injured to fight recklessly!
You release your grip on the kobold brigand.
The centaur shoots an arrow.
The arrow completely misses you.
The centaur shoots an arrow.
The arrow hits you!
* * * LOW HITPOINT WARNING * * *
The centaur shoots an arrow.
The arrow completely misses you.
The kobold throws a stone.
You block the stone.
There is a stone staircase leading up here.
The centaur shoots an arrow.
The arrow hits you!
* * * LOW HITPOINT WARNING * * *
The kobold brigand hits you with a +0 whip!
You die...

#. #. #. #. #
#. #.#. #
#.#.######.#
#...@......#
#.#...K....####
#..............
###....)...####
#####..K..#
#..c..# #.....#
#.......
#........


You could see a kobold brigand (very poisoned), a centaur and a kobold.

Vanquished Creatures
  Pikel (D:4)
  Edmund (D:5)
  An ice beast (D:5)
  An orc warrior (D:6)
  3 ogres (D:5)
  A necrophage (D:6)
  A centaur (D:6)
  A lemure (D:4)
  2 phantoms
  A bullfrog (D:6)
  A water moccasin zombie (D:6)
  4 scorpions
  A howler monkey (D:3)
  2 centaur zombies (D:5)
  2 bullfrog zombies (D:6)
  4 hounds
  3 orc priests
  An iguana (D:6)
  2 orc wizards
  Natasha (thrice) (D:4)
  A howler monkey zombie (D:6)
  4 gnolls (D:4)
  A howler monkey skeleton (D:5)
  5 adders
  3 white imps
  2 ufetubi
  An adder skeleton (D:5)
  3 worms
  7 dart slugs
  22 orcs
  2 bats
  5 endoplasms
  6 giant cockroaches
  5 goblins
  6 hobgoblins
  13 jackals
  2 quokkas (D:3)
  5 ball pythons
  4 frilled lizards (D:2)
  4 kobolds
  3 rats (D:1)
140 creatures vanquished.

Notes
Turn   | Place    | Note
-------+----------+-------------------------------------------
     0 | D:1      | Froggeryz the Octopode Berserker began the quest for the
                  | Orb.
     0 | D:1      | Reached XP level 1. HP: 16/16 MP: 1/1
   324 | D:1      | Reached XP level 2. HP: 21/21 MP: 2/2
   523 | D:1      | Found a faded altar of an unknown god.
   669 | D:1      | Reached skill level 4 in Short Blades
   877 | D:1      | Reached XP level 3. HP: 26/26 MP: 3/3
  1840 | D:2      | Noticed a scorpion
  1879 | D:2      | Killed a scorpion
  1880 | D:2      | Reached skill level 5 in Short Blades
  1880 | D:2      | Reached XP level 4. HP: 27/31 MP: 4/4
  1930 | D:2      | Reached XP level 5. HP: 35/36 MP: 5/5
  2070 | D:2      | Reached ** piety under Trog
  2171 | D:3      | Found an ornate altar of the Wu Jian Council.
  2224 | D:3      | Found a faded altar of an unknown god.
  2224 | D:3      | Found a hazy altar of Hepliaklqana.
  2226 | D:3      | Found a faded altar of an unknown god.
  2236 | D:3      | Reached skill level 6 in Short Blades
  2956 | D:4      | Reached XP level 6. HP: 35/42 MP: 6/6
  2973 | D:4      | Reached skill level 1 in Shields
  2980 | D:4      | Noticed Natasha
  2993 | D:4      | Killed Natasha
  3194 | D:4      | Found an iron altar of Okawaru.
  3266 | D:4      | Reached skill level 7 in Short Blades
  3577 | D:4      | Found a stormy altar of Qazlal.
  3685 | D:4      | Noticed Pikel
  3713 | D:4      | Killed Pikel
  3714 | D:4      | Reached skill level 8 in Short Blades
  3714 | D:4      | Reached XP level 7. HP: 46/46 MP: 7/7
  3831 | D:4      | Noticed Natasha
  3838 | D:4      | Killed Natasha
  3839 | D:4      | Reached XP level 8. HP: 45/52 MP: 8/8
  3916 | D:4      | Reached *** piety under Trog
  3967 | D:4      | Noticed Natasha
  3975 | D:4      | Killed Natasha
  4083 | D:5      | Entered Level 5 of the Dungeon
  4154 | D:5      | Found Zemoqexa's Book Emporium.
  4302 | D:5      | Reached skill level 9 in Short Blades
  4683 | D:5      | Found a staircase to the Ecumenical Temple.
  4688 | D:5      | Reached skill level 1 in Stealth
  4859 | D:5      | Noticed Edmund
  4897 | D:5      | Killed Edmund
  5299 | D:6      | Reached skill level 10 in Short Blades
  5464 | D:6      | Reached XP level 9. HP: 51/56 MP: 9/9
  5743 | D:6      | Reached skill level 5 in Stealth
  6222 | D:6      | Reached **** piety under Trog
  6497 | D:7      | Reached skill level 11 in Short Blades
  6507 | D:7      | Slain by a kobold brigand

Illustrated notes

Levels and vault maps discovered:
D:1:      dpeg_arrival_prison, layout_basic,
          shapermc_ecumenical_altar_flowoftime
D:2:      layout_basic
D:3:      layout_rooms, nicolae_hepliaklqana_ecumenical_no_more,
          pdpol_wu_jian_five_deadly_venoms
D:4:      kennysheep_six_static_rooms, layout_rooms,
          nicolae_overflow_crystal_walls, okawaru_trees_1, uniq_pikel,
          uniq_natasha
D:5:      layout_loops_cross, minmay_temple_entry_proselytizer, serial_shops,
          shop, st_stairs_13, uniq_edmund
D:6:      layout_cave_pools, serial_column_ruins, column_ruins_pillar_1,
          column_ruins_pillar_10, column_ruins_pillar_1, column_ruins_pillar_2,
          column_ruins_pillar_1, column_ruins_pillar_8, column_ruins_pillar_2,
          column_ruins_pillar_2, column_ruins_pillar_2, column_ruins_pillar_2,
          column_ruins_pillar_4, column_ruins_pillar_12, column_ruins_pillar_10,
          column_ruins_pillar_10, minmay_fractal_squares_5
D:7:      layout_basic, grunt_dithmenos_smoke_and_mirrors,
          nicolae_ossuary_entry_false_entrances, serial_shops,
          nicolae_stop_n_shop_1, shop, nicolae_shop_behind_doors,
          nicolae_stop_n_shop_1, shop, solitary_fountain

Skill      XL: |  1  2  3  4  5  6  7  8  9 |
---------------+----------------------------+-----
Short Blades   | 4 5 6 8 10 11 | 11.0
Shields        | 3 4 |  4.2
Stealth        | 4 6 |  6.4
Fighting       | |  3.0
Dodging        | |  3.0

Action                   |  1- 3 |  4- 6 |  7- 9 || total
-------------------------+-------+-------+-------++-------
Melee: Short sword       |    54 |       |       ||    54
       Constrict         |    16 |    31 |    42 ||    89
       Tentacles         |    10 |    28 |    68 ||   106
       Dagger            |    18 |   105 |   191 ||   314
Invok: Berserk           |       |     1 |     1 ||     2
       Trog's Hand       |       |     1 |       ||     1
  Use: Potion            |       |     3 |       ||     3
       Scroll            |       |       |     8 ||     8
 Stab: Sleeping          |     6 |     5 |     4 ||    15
Armor: Skin              |     6 |     5 |     3 ||    14
Dodge: Dodged            |    36 |    42 |    82 ||   160
Block: Buckler           |       |       |    25 ||    25
